[Event "FICS rated blitz game"]
[Site "FICS freechess.org"]
[FICSGamesDBGameNo "20001929"]
[White "ChoasMaster"]
[Black "Latvija"]
[WhiteElo "1009"]
[BlackElo "1132"]
[WhiteRD "na"]
[BlackRD "na"]
[TimeControl "300+8"]
[Date "1999.09.19"]
[Time "14:46:00"]
[WhiteClock "0:05:00.000"]
[BlackClock "0:05:00.000"]
[ECO "C45"]
[PlyCount "50"]
[Result "0-1"]

1. e4 e5 2. Nf3 Nc6 3. d4 exd4 4. Nxd4 Nxd4 5. Qxd4 Nf6 6. e5 Qe7 7. Be2 Ng8 8. O-O d6 9. Bf4 dxe5 10. Bxe5 Bd7 11. Re1 b6 12. Bxc7 Rc8 13. Bb5 Qxe1+ 14. Bf1 Bb5 15. c4 Rxc7 16. a4 Bxc4 17. h3 Qxf1+ 18. Kh2 Nf6 19. Ra3 Be7 20. Re3 O-O 21. a5 Rd8 22. Qc3 Bd6+ 23. g3 Bd5 24. f3 Qf2+ 25. Kh1 Rxc3 {White resigns} 0-1

[Event "FICS rated blitz game"]
[Site "FICS freechess.org"]
[FICSGamesDBGameNo "20001928"]
[White "Sacbutt"]
[Black "DGL"]
[WhiteElo "1801"]
[BlackElo "1705"]
[WhiteRD "na"]
[BlackRD "na"]
[TimeControl "180+0"]
[Date "1999.09.19"]
[Time "14:44:00"]
[WhiteClock "0:03:00.000"]
[BlackClock "0:03:00.000"]
[ECO "C52"]
[PlyCount "93"]
[Result "1-0"]

1. e4 e5 2. Nf3 Nc6 3. Bc4 Bc5 4. b4 Bxb4 5. c3 Ba5 6. Qb3 Qf6 7. O-O Nh6 8. d4 O-O 9. Bg5 Qg6 10. d5 Nb8 11. Bxh6 Qxh6 12. Nxe5 d6 13. Nf3 Bb6 14. Nd4 Qg6 15. Nd2 Bh3 16. g3 Bxf1 17. Rxf1 Nd7 18. f4 Rfe8 19. Kh1 Nf6 20. Bd3 Nxe4 21. Nxe4 Rxe4 22. Qc2 Rae8 23. Bxe4 Qxe4+ 24. Qxe4 Rxe4 25. Kg2 Bxd4 26. cxd4 Rxd4 27. Re1 Kf8 28. Rc1 Rxd5 29. Rxc7 Rd2+ 30. Kh3 Rxa2 31. Rxb7 d5 32. Rd7 Ra5 33. Kg4 Ke8 34. Rd6 Ke7 35. Rc6 d4 36. Kf3 Rd5 37. Rc7+ Rd7 38. Rc2 f5 39. Ra2 Kd6 40. Ke2 Kc5 41. Ra5+ Kc4 42. Rxf5 Re7+ 43. Kd2 d3 44. Ra5 Re2+ 45. Kd1 Rxh2 46. Rxa7 Kc3 47. Rc7+ {Black forfeits on time} 1-0

[Event "FICS rated standard game"]
[Site "FICS freechess.org"]
[FICSGamesDBGameNo "20001927"]
[White "DrdeSoto"]
[Black "Toma"]
[WhiteElo "1932"]
[BlackElo "1924"]
[WhiteRD "na"]
[BlackRD "na"]
[TimeControl "900+0"]
[Date "1999.09.19"]
[Time "13:58:00"]
[WhiteClock "0:15:00.000"]
[BlackClock "0:15:00.000"]
[ECO "A00"]
[PlyCount "121"]
[Result "1-0"]

1. Nc3 d5 2. e4 dxe4 3. Nxe4 Nd7 4. Bc4 e6 5. d3 Bb4+ 6. c3 Bc5 7. d4 Qh4 8. Ng3 Ngf6 9. Nf3 Qg4 10. h3 Qg6 11. Bd3 Ne4 12. Bxe4 f5 13. Bc2 Bd6 14. Qe2 Bxg3 15. fxg3 Qxg3+ 16. Qf2 Qxf2+ 17. Kxf2 c5 18. Bf4 Rg8 19. Ba4 cxd4 20. Nxd4 Kf7 21. Be3 Re8 22. Bb3 Nc5 23. Bc2 b6 24. Rad1 Bb7 25. Nb5 Kg8 26. Nd6 Re7 27. Bxc5 bxc5 28. Nxb7 Rxb7 29. Bb3 c4 30. Bxc4 Rxb2+ 31. Kf3 Kf7 32. Rhe1 Rb6 33. Rb1 Rxb1 34. Rxb1 Re8 35. Re1 Kf6 36. Bb3 e5 37. Rd1 e4+ 38. Ke3 Rc8 39. Rd6+ Ke7 40. Re6+ Kd7 41. Kd2 Re8 42. Rxe8 Kxe8 43. Bg8 Ke7 44. Bxh7 Kf6 45. Ke3 a5 46. c4 g6 47. c5 Ke5 48. Bxg6 a4 49. Bxf5 Kxf5 50. c6 Ke6 51. Kxe4 Kd6 52. g4 Kxc6 53. g5 Kd6 54. Kf5 a3 55. g6 Ke7 56. h4 Kf8 57. Kf6 Kg8 58. g7 Kh7 59. Kf7 Kh6 60. g8=Q Kh5 61. Qg5# {Black checkmated} 1-0

[Event "FICS rated blitz game"]
[Site "FICS freechess.org"]
[FICSGamesDBGameNo "20001926"]
[White "jiml"]
[Black "Sultankhan"]
[WhiteElo "1430"]
[BlackElo "1408"]
[WhiteRD "na"]
[BlackRD "na"]
[TimeControl "120+12"]
[Date "1999.09.19"]
[Time "13:09:00"]
[WhiteClock "0:02:00.000"]
[BlackClock "0:02:00.000"]
[ECO "B22"]
[PlyCount "59"]
[Result "1-0"]

1. e4 c5 2. c3 Nc6 3. d4 cxd4 4. cxd4 e6 5. a3 Nf6 6. Nc3 d5 7. exd5 exd5 8. Nf3 Bg4 9. h3 Bh5 10. Be2 Be7 11. O-O O-O 12. Be3 a6 13. Nh2 Bg6 14. Ng4 Rc8 15. Nxf6+ Bxf6 16. f4 h6 17. f5 Bh7 18. Bg4 Qb6 19. Nxd5 Qxb2 20. Nxf6+ gxf6 21. Bxh6 Rfd8 22. d5 Ne5 23. Bf4 Rc2 24. Bf3 Nxf3+ 25. Qxf3 Bxf5 26. Qg3+ Bg6 27. Rab1 Qd4+ 28. Be3 Qxd5 29. Rfd1 Qe4 30. Rxd8+ {Black resigns} 1-0

[Event "FICS rated blitz game"]
[Site "FICS freechess.org"]
[FICSGamesDBGameNo "20001924"]
[White "vadimgur"]
[Black "mssriram"]
[WhiteElo "1450"]
[BlackElo "1477"]
[WhiteRD "na"]
[BlackRD "na"]
[TimeControl "180+0"]
[Date "1999.09.19"]
[Time "12:34:00"]
[WhiteClock "0:03:00.000"]
[BlackClock "0:03:00.000"]
[ECO "C01"]
[PlyCount "44"]
[Result "0-1"]

1. e4 e6 2. Nf3 d5 3. exd5 exd5 4. d4 Nf6 5. h3 Be7 6. Bd3 O-O 7. O-O c6 8. Nc3 Nbd7 9. Bg5 Re8 10. Ne5 Nxe5 11. dxe5 Nd7 12. Bxe7 Qxe7 13. f4 Nc5 14. Kh1 Qh4 15. Ne2 Bg4 16. b4 Nxd3 17. Qxd3 Bxe2 18. Qxe2 f6 19. c4 dxc4 20. Qxc4+ Kh8 21. Rad1 fxe5 22. fxe5 Qxc4 {White resigns} 0-1

[Event "FICS rated blitz game"]
[Site "FICS freechess.org"]
[FICSGamesDBGameNo "20001923"]
[White "torpe"]
[Black "nescio"]
[WhiteElo "1616"]
[BlackElo "1986"]
[WhiteRD "na"]
[BlackRD "na"]
[TimeControl "180+0"]
[Date "1999.09.19"]
[Time "12:27:00"]
[WhiteClock "0:03:00.000"]
[BlackClock "0:03:00.000"]
[ECO "B23"]
[PlyCount "99"]
[Result "1-0"]

1. e4 c5 2. Nc3 Nc6 3. f4 g6 4. Nf3 Bg7 5. Bb5 e6 6. Bxc6 dxc6 7. d3 Ne7 8. O-O O-O 9. Be3 b6 10. Nh4 Ba6 11. Qe1 c4 12. Rd1 cxd3 13. cxd3 Qc7 14. f5 exf5 15. exf5 Be5 16. f6 Bxh2+ 17. Kh1 Bg3 18. fxe7 Bxe1 19. exf8=Q+ Rxf8 20. Rdxe1 Bxd3 21. Rf3 Re8 22. Bd2 Rxe1+ 23. Bxe1 Bc4 24. Re3 Qf4 25. Re8+ Kg7 26. a3 Bd5 27. Nxd5 cxd5 28. Kg1 d4 29. Rd8 Qe3+ 30. Kf1 d3 31. Nf3 g5 32. Bd2 Qe2+ 33. Kg1 g4 34. Bc3+ f6 35. Rd7+ Kg6 36. Nh4+ Kg5 37. g3 d2 38. Rg7+ Kh6 39. Bxd2+ Kxg7 40. Bf4 Qe1+ 41. Kg2 Qe2+ 42. Kg1 Qe1+ 43. Kg2 Qe2+ 44. Kh1 Qf1+ 45. Kh2 Qf2+ 46. Ng2 h5 47. Bb8 h4 48. gxh4 g3+ 49. Kh3 f5 50. Bxg3 {Black forfeits on time} 1-0

[Event "FICS rated blitz game"]
[Site "FICS freechess.org"]
[FICSGamesDBGameNo "20001922"]
[White "Lassiter"]
[Black "Bemused"]
[WhiteElo "1773"]
[BlackElo "1840"]
[WhiteRD "na"]
[BlackRD "na"]
[TimeControl "180+0"]
[Date "1999.09.19"]
[Time "12:11:00"]
[WhiteClock "0:03:00.000"]
[BlackClock "0:03:00.000"]
[ECO "B50"]
[PlyCount "87"]
[Result "1-0"]

1. e4 c5 2. Nf3 d6 3. c3 Nf6 4. Be2 Nc6 5. O-O Nxe4 6. d4 cxd4 7. cxd4 d5 8. Nc3 Nxc3 9. bxc3 e6 10. a4 Be7 11. a5 O-O 12. Bd3 f5 13. Bf4 Nxa5 14. Ne5 Bf6 15. Qa4 Nc6 16. Nxc6 bxc6 17. Qxc6 Bd7 18. Qa6 Qc8 19. Rfc1 Qxa6 20. Rxa6 Rfc8 21. Bd6 Rc6 22. Bb4 Rxa6 23. Bxa6 Kf7 24. f4 Be7 25. Bxe7 Kxe7 26. Kf2 Kd6 27. Ke3 Rb8 28. Ra1 Bb5 29. Bxb5 Rxb5 30. Rxa7 Rb3 31. Kd3 Rb2 32. Rxg7 Rf2 33. Ke3 Rc2 34. Kd3 Rf2 35. Rxh7 Rxg2 36. h4 Rh2 37. h5 Rh4 38. Ke3 Rh3+ 39. Kf2 Rxc3 40. h6 Rh3 41. Kg2 Rh5 42. Kg3 Kc6 43. Rh8 Kb5 44. h7 {Black resigns} 1-0

[Event "FICS rated blitz game"]
[Site "FICS freechess.org"]
[FICSGamesDBGameNo "20001921"]
[White "DiplPsych"]
[Black "HJE"]
[WhiteElo "1692"]
[BlackElo "1627"]
[WhiteRD "na"]
[BlackRD "na"]
[TimeControl "300+0"]
[Date "1999.09.19"]
[Time "12:10:00"]
[WhiteClock "0:05:00.000"]
[BlackClock "0:05:00.000"]
[ECO "E73"]
[PlyCount "53"]
[Result "1-0"]

1. d4 d6 2. c4 g6 3. Nc3 Bg7 4. e4 Nf6 5. Be2 O-O 6. Be3 c6 7. Nf3 Nbd7 8. h3 e5 9. d5 c5 10. O-O a6 11. Rb1 Rb8 12. b4 cxb4 13. Rxb4 Nc5 14. Nd2 b5 15. cxb5 axb5 16. Rxb5 Rxb5 17. Bxb5 Qa5 18. Bxc5 Qxc3 19. Bxd6 Rd8 20. Be7 Rd7 21. Bxd7 Bxd7 22. Qc1 Qd3 23. Re1 Nh5 24. Re3 Qb5 25. Qc7 Bh6 26. Qd8+ Kg7 27. Qf8# {Black checkmated} 1-0

[Event "FICS rated lightning game"]
[Site "FICS freechess.org"]
[FICSGamesDBGameNo "20001920"]
[White "Loomis"]
[Black "WinnieDPooh"]
[WhiteElo "1753"]
[BlackElo "1866"]
[WhiteRD "na"]
[BlackRD "na"]
[TimeControl "60+0"]
[Date "1999.09.19"]
[Time "11:57:00"]
[WhiteClock "0:01:00.000"]
[BlackClock "0:01:00.000"]
[ECO "A43"]
[PlyCount "84"]
[Result "0-1"]

1. d4 c5 2. e3 d6 3. d5 Bd7 4. e4 g6 5. c4 Bg7 6. Nc3 Nf6 7. Nf3 O-O 8. Bd3 Na6 9. O-O Nc7 10. Re1 a6 11. e5 dxe5 12. Nxe5 Be8 13. Bf4 e6 14. dxe6 Nxe6 15. Bg3 Nd4 16. Re3 Rc8 17. Qf1 Bd7 18. Rd1 Qe8 19. Nxg6 Qd8 20. Nxf8 Qxf8 21. Ne2 Ng4 22. Nxd4 cxd4 23. Re4 Nh6 24. Rh4 Nf5 25. Bxf5 Bxf5 26. Bf4 Rd8 27. Qe2 d3 28. Qh5 Bg6 29. Qg4 Qe7 30. Bg5 f6 31. Bd2 f5 32. Qf4 Qe2 33. Qf3 Qxf3 34. gxf3 Bf6 35. Kg2 Bxh4 36. Re1 Bf6 37. Rd1 Kf7 38. h3 Rd7 39. Kf1 Bh4 40. Kg2 Bf6 41. Kh2 Bd4 42. Kg1 Be5 {White forfeits on time} 0-1

[Event "FICS rated blitz game"]
[Site "FICS freechess.org"]
[FICSGamesDBGameNo "20001919"]
[White "ChickDuck"]
[Black "nioccor"]
[WhiteElo "1104"]
[BlackElo "1466"]
[WhiteRD "na"]
[BlackRD "na"]
[TimeControl "180+0"]
[Date "1999.09.19"]
[Time "11:55:00"]
[WhiteClock "0:03:00.000"]
[BlackClock "0:03:00.000"]
[ECO "A01"]
[PlyCount "80"]
[Result "0-1"]

1. b3 e5 2. Bb2 Nc6 3. e3 d5 4. Bb5 Bd6 5. Nf3 Bg4 6. h3 Bxf3 7. Qxf3 e4 8. Qe2 f6 9. Qh5+ g6 10. Qxd5 Ne7 11. Qe6 Be5 12. Bxe5 fxe5 13. Bxc6+ bxc6 14. Qxe5 Rf8 15. Qxe4 Qd7 16. Nc3 Rd8 17. Rd1 Qd6 18. O-O Kd7 19. d4 Kc8 20. Qg4+ Kb8 21. Ne4 Qa3 22. c4 Nf5 23. Rd2 Rde8 24. Nc5 Ka8 25. Nd7 Rf7 26. Nc5 Qb4 27. Rfd1 Qc3 28. e4 Nh6 29. Qf3 Qxc4 30. e5 Rxf3 31. gxf3 Qc3 32. Na6 Qxf3 33. Nxc7+ Kb7 34. Nxe8 Nf5 35. Rd3 Nh4 36. Rxf3 Nxf3+ 37. Kg2 Nh4+ 38. Kg3 Nf5+ 39. Kg4 Nh6+ 40. Kg5 Nf7+ {White forfeits on time} 0-1

[Event "FICS rated blitz game"]
[Site "FICS freechess.org"]
[FICSGamesDBGameNo "20001918"]
[White "GoranII"]
[Black "Jay"]
[WhiteElo "1926"]
[BlackElo "1891"]
[WhiteRD "na"]
[BlackRD "na"]
[TimeControl "180+0"]
[Date "1999.09.19"]
[Time "11:46:00"]
[WhiteClock "0:03:00.000"]
[BlackClock "0:03:00.000"]
[ECO "A13"]
[PlyCount "38"]
[Result "0-1"]

1. Nf3 e6 2. c4 d5 3. b3 Bd6 4. Bb2 Nf6 5. g3 O-O 6. Bg2 c6 7. e3 Ne4 8. d3 Nf6 9. O-O Nbd7 10. Nbd2 Qe7 11. Qe2 Bc7 12. Rfc1 dxc4 13. bxc4 b6 14. a4 Bb7 15. d4 c5 16. Ne1 Bxg2 17. Nxg2 Rac8 18. Nf4 cxd4 19. Bxd4 e5 {White resigns} 0-1

[Event "FICS rated blitz game"]
[Site "FICS freechess.org"]
[FICSGamesDBGameNo "20001917"]
[White "Botvy"]
[Black "Lomboc"]
[WhiteElo "1907"]
[BlackElo "1849"]
[WhiteRD "na"]
[BlackRD "na"]
[TimeControl "180+0"]
[Date "1999.09.19"]
[Time "11:45:00"]
[WhiteClock "0:03:00.000"]
[BlackClock "0:03:00.000"]
[ECO "D46"]
[PlyCount "96"]
[Result "0-1"]

1. d4 d5 2. c4 c6 3. e3 Nf6 4. Nc3 Nbd7 5. Nf3 e6 6. Bd3 Be7 7. O-O O-O 8. e4 dxe4 9. Nxe4 Nxe4 10. Bxe4 Nf6 11. Bc2 c5 12. Qd3 cxd4 13. Bg5 g6 14. Rfd1 b6 15. Ne5 Bb7 16. Qxd4 Qxd4 17. Rxd4 Rad8 18. Rad1 Kg7 19. Rxd8 Rxd8 20. Rxd8 Bxd8 21. Nd7 h6 22. Bxf6+ Bxf6 23. Nxf6 Kxf6 24. Kf1 Ke5 25. Ke2 Kd4 26. Bd3 f5 27. g3 e5 28. h4 Bc8 29. Bc2 g5 30. hxg5 hxg5 31. Bd3 f4 32. gxf4 exf4 33. Kd2 g4 34. b3 g3 35. fxg3 fxg3 36. Bf1 Ke4 37. Ke2 Kf4 38. Bg2 Bg4+ 39. Kf1 Ke3 40. b4 Be2+ 41. Kg1 Bxc4 42. Bc6 Bxa2 43. Kg2 Kf4 44. b5 Bc4 45. Bd7 Bd5+ 46. Kg1 g2 47. Bc6 Ke5 48. Bd7 Kd6 {White forfeits on time} 0-1

[Event "FICS rated blitz game"]
[Site "FICS freechess.org"]
[FICSGamesDBGameNo "20001916"]
[White "embu"]
[Black "DiplPsych"]
[WhiteElo "1448"]
[BlackElo "1709"]
[WhiteRD "na"]
[BlackRD "na"]
[TimeControl "300+0"]
[Date "1999.09.19"]
[Time "11:45:00"]
[WhiteClock "0:05:00.000"]
[BlackClock "0:05:00.000"]
[ECO "B33"]
[PlyCount "102"]
[Result "0-1"]

1. e4 c5 2. Nf3 Nc6 3. d4 cxd4 4. Nxd4 Nf6 5. Nxc6 bxc6 6. Nc3 e5 7. Bd3 Bc5 8. Bg5 h6 9. Bxf6 Qxf6 10. O-O Rb8 11. b3 Bd4 12. Qd2 O-O 13. Rad1 Re8 14. Bc4 d6 15. Ne2 Bc5 16. c3 a5 17. Rb1 Be6 18. Bxe6 fxe6 19. c4 Rf8 20. Nc3 Bd4 21. Nd1 a4 22. Ne3 axb3 23. axb3 Rb7 24. Ng4 Qg6 25. h3 Qxe4 26. Kh1 Rbf7 27. f3 Qg6 28. b4 e4 29. Qxd4 exf3 30. g3 h5 31. Nh2 Qxg3 32. Rg1 Qe5 33. Qxe5 dxe5 34. b5 cxb5 35. cxb5 e4 36. b6 Rb7 37. Rg6 Rf6 38. Rg5 e3 39. Rxh5 f2 40. Re5 f1=Q+ 41. Rxf1 Rxb6 42. Rxf6 gxf6 43. Kg2 fxe5 44. Kf3 Rb3 45. Ke2 Kg7 46. Nf3 Kf6 47. h4 Kf5 48. Nd2 Rb2 49. Kxe3 Rxd2 50. Kxd2 Kg4 51. Ke2 Kxh4 {White forfeits on time} 0-1

[Event "FICS rated blitz game"]
[Site "FICS freechess.org"]
[FICSGamesDBGameNo "20001915"]
[White "nsns"]
[Black "Morovisk"]
[WhiteElo "1776"]
[BlackElo "1764"]
[WhiteRD "na"]
[BlackRD "na"]
[TimeControl "240+0"]
[Date "1999.09.19"]
[Time "11:40:00"]
[WhiteClock "0:04:00.000"]
[BlackClock "0:04:00.000"]
[ECO "C80"]
[PlyCount "98"]
[Result "0-1"]

1. e4 e5 2. Nf3 Nc6 3. Bb5 a6 4. Ba4 Nf6 5. O-O Nxe4 6. Re1 d5 7. Bxc6+ bxc6 8. Nxe5 Qf6 9. f3 Qxe5 10. d4 Qf5 11. fxe4 dxe4 12. Nc3 Be6 13. Nxe4 Be7 14. Ng3 Qg6 15. Bf4 O-O 16. Bxc7 Bh4 17. Qe2 Rfe8 18. Qe4 Qg5 19. Qe5 Qg4 20. Qf4 Rac8 21. Qxg4 Bxg4 22. h3 Be6 23. Bf4 g5 24. Be5 c5 25. Re3 cxd4 26. Bxd4 Rxc2 27. Nh5 Bf2+ 28. Kh2 Bxe3 29. Bxe3 Bd5 30. Rg1 Rxe3 31. Nf6+ Kf8 32. Nxd5 Ree2 33. b4 Rxa2 34. Kg3 f5 35. Nf6 h6 36. Nd5 h5 37. Kf3 g4+ 38. hxg4 hxg4+ 39. Kg3 Re4 40. Rf1 Re3+ 41. Nxe3 f4+ 42. Rxf4+ Ke7 43. Kxg4 Ra3 44. Nd5+ Ke6 45. Nc7+ Ke5 46. b5 axb5 47. Nxb5 Ra2 48. Rf3 Rxg2+ 49. Kh3 Rg1 {White forfeits on time} 0-1

[Event "FICS rated blitz game"]
[Site "FICS freechess.org"]
[FICSGamesDBGameNo "20001914"]
[White "Mattingly"]
[Black "cfv"]
[WhiteElo "1337"]
[BlackElo "1184"]
[WhiteRD "na"]
[BlackRD "na"]
[TimeControl "120+12"]
[Date "1999.09.19"]
[Time "11:40:00"]
[WhiteClock "0:02:00.000"]
[BlackClock "0:02:00.000"]
[ECO "A40"]
[PlyCount "111"]
[Result "1-0"]

1. d4 e6 2. Bf4 h6 3. Nf3 d5 4. a3 Bd6 5. Qd2 g5 6. Be5 Bxe5 7. Nxe5 Nc6 8. Qe3 Nxe5 9. Qxe5 Nf6 10. Nc3 c6 11. e3 O-O 12. Bd3 b6 13. h4 g4 14. f3 Re8 15. fxg4 Nxg4 16. Qg3 h5 17. O-O-O f5 18. Rdf1 Re7 19. Qf4 Rg7 20. Be2 Bd7 21. Bxg4 Rxg4 22. Qh6 Qf8 23. Qxh5 Qf7 24. Qxf7+ Kxf7 25. h5 Rh8 26. Rh2 Be8 27. Rfh1 Kf6 28. h6 Rg3 29. Kd2 Bg6 30. Ne2 Rg4 31. Nf4 Bh7 32. Nh5+ Kg5 33. Ng7 Kf6 34. Nh5+ Kf7 35. Nf4 Rhg8 36. Ke2 c5 37. dxc5 e5 38. Nxd5 Rxg2+ 39. Rxg2 Rxg2+ 40. Kf3 Rxc2 41. cxb6 axb6 42. Nxb6 Rxb2 43. Nd7 e4+ 44. Kf4 Rb3 45. a4 Ra3 46. Nc5 Rc3 47. Nb7 Rc7 48. Nd6+ Kg6 49. Nxf5 Ra7 50. Rg1+ Kf6 51. Rg7 Rxg7 52. hxg7 Kf7 53. a5 Kg8 54. a6 Bg6 55. a7 Be8 56. a8=Q {Black resigns} 1-0

[Event "FICS rated blitz game"]
[Site "FICS freechess.org"]
[FICSGamesDBGameNo "20001913"]
[White "fighterone"]
[Black "Wooky"]
[WhiteElo "1654"]
[BlackElo "1896"]
[WhiteRD "na"]
[BlackRD "na"]
[TimeControl "120+12"]
[Date "1999.09.19"]
[Time "11:39:00"]
[WhiteClock "0:02:00.000"]
[BlackClock "0:02:00.000"]
[ECO "D10"]
[PlyCount "105"]
[Result "1/2-1/2"]

1. d4 d5 2. c4 c6 3. cxd5 cxd5 4. Nc3 Nc6 5. e3 Nf6 6. Bb5 e6 7. Nf3 Be7 8. Ne5 Bd7 9. Bxc6 Bxc6 10. O-O Rc8 11. a3 O-O 12. Qd3 a6 13. b4 b5 14. Bb2 Qd6 15. f3 Rc7 16. Qd2 Rfc8 17. Nd3 a5 18. Nc5 axb4 19. axb4 Qd8 20. Ra5 Bxc5 21. dxc5 Ra8 22. Rfa1 Rxa5 23. Rxa5 Rb7 24. Qd3 e5 25. Nxb5 e4 26. fxe4 Nxe4 27. Qd4 f6 28. Nc3 Nxc3 29. Bxc3 Qe7 30. Ra6 Qd7 31. Qf4 Kf7 32. g4 h6 33. h4 Qe8 34. g5 hxg5 35. hxg5 Kg8 36. gxf6 Qg6+ 37. Kf2 Qc2+ 38. Kg3 Qxc3 39. Rxc6 gxf6 40. Rc8+ Kf7 41. Rh8 Rxb4 42. Rh7+ Ke6 43. Qd6+ Kf5 44. Qxd5+ Qe5+ 45. Qxe5+ Kxe5 46. c6 Rc4 47. c7 Kd6 48. e4 Rxc7 49. Rxc7 Kxc7 50. Kg4 Kd7 51. Kf5 Ke7 52. e5 fxe5 53. Kxe5 {Neither player has mating material} 1/2-1/2

[Event "FICS rated standard game"]
[Site "FICS freechess.org"]
[FICSGamesDBGameNo "20001912"]
[White "Superdoo"]
[Black "Raoul"]
[WhiteElo "1543"]
[BlackElo "1690"]
[WhiteRD "na"]
[BlackRD "na"]
[TimeControl "300+15"]
[Date "1999.09.19"]
[Time "11:34:00"]
[WhiteClock "0:05:00.000"]
[BlackClock "0:05:00.000"]
[ECO "D45"]
[PlyCount "59"]
[Result "1-0"]

1. d4 Nf6 2. c4 e6 3. Nc3 c6 4. Nf3 d5 5. e3 Nbd7 6. cxd5 cxd5 7. Bb5 a6 8. Ba4 b5 9. Bb3 Bb4 10. Bd2 O-O 11. a3 Ba5 12. Bc2 Bxc3 13. Bxc3 Bb7 14. O-O Rc8 15. Qd3 h6 16. Ne5 Nb6 17. Ng4 Nbd7 18. Nxf6+ Nxf6 19. Bb4 Re8 20. f3 Rc4 21. Bc5 Qc7 22. b3 Rxc5 23. dxc5 Qxc5 24. b4 Qc4 25. Qd2 Qc7 26. Rac1 Qd6 27. f4 Rc8 28. e4 d4 29. e5 Rxc2 30. Rxc2 {Black resigns} 1-0

[Event "FICS rated blitz game"]
[Site "FICS freechess.org"]
[FICSGamesDBGameNo "20001911"]
[White "fbig"]
[Black "gedeon"]
[WhiteElo "1395"]
[BlackElo "1349"]
[WhiteRD "na"]
[BlackRD "na"]
[TimeControl "120+12"]
[Date "1999.09.19"]
[Time "11:32:00"]
[WhiteClock "0:02:00.000"]
[BlackClock "0:02:00.000"]
[ECO "A40"]
[PlyCount "84"]
[Result "1-0"]

1. d4 b6 2. c4 Bb7 3. Nc3 f5 4. Nf3 Nf6 5. e3 e6 6. Bd3 Bb4 7. Bd2 O-O 8. O-O Nc6 9. a3 Be7 10. Rc1 d6 11. h3 a5 12. b3 e5 13. Bb1 exd4 14. exd4 Ne4 15. d5 Ne5 16. Nxe4 Nxf3+ 17. Qxf3 fxe4 18. Qxe4 Bc8 19. Qxh7+ Kf7 20. Qg6+ Kg8 21. Rce1 Rf6 22. Qh7+ Kf8 23. Bg5 Rh6 24. Bxe7+ Qxe7 25. Qe4 Qxe4 26. Rxe4 Bd7 27. Rfe1 Kg8 28. Re7 Rd8 29. R1e3 Rf6 30. Rf3 Rxf3 31. gxf3 Bxh3 32. Rxc7 Rf8 33. Be4 Bf5 34. Rc6 Bxe4 35. fxe4 Rf4 36. Rxd6 Rxe4 37. Rxb6 Re2 38. d6 Rd2 39. c5 Kf8 40. b4 axb4 41. axb4 Rd4 42. Rb7 Rg4+ {Black resigns} 1-0

[Event "FICS rated blitz game"]
[Site "FICS freechess.org"]
[FICSGamesDBGameNo "20001910"]
[White "wolky"]
[Black "tenlittle"]
[WhiteElo "1272"]
[BlackElo "987"]
[WhiteRD "na"]
[BlackRD "na"]
[TimeControl "600+2"]
[Date "1999.09.19"]
[Time "11:23:00"]
[WhiteClock "0:10:00.000"]
[BlackClock "0:10:00.000"]
[ECO "C41"]
[PlyCount "106"]
[Result "1-0"]

1. e4 e5 2. Nf3 d6 3. Nc3 Be6 4. d4 Nf6 5. dxe5 dxe5 6. Qxd8+ Kxd8 7. Bg5 Be7 8. O-O-O+ Kc8 9. b3 Rd8 10. Rxd8+ Bxd8 11. Nxe5 h6 12. Bxf6 Bxf6 13. f4 g5 14. Ne2 gxf4 15. Nd3 f3 16. gxf3 Bg5+ 17. f4 Bf6 18. e5 Nc6 19. exf6 Kd7 20. Bg2 Bg4 21. Ng3 Ke6 22. Re1+ Kxf6 23. Ne4+ Kf5 24. Ng3+ Kg6 25. Be4+ f5 26. Bxc6 bxc6 27. Ne5+ Kf6 28. Nxc6 a5 29. Nd4 c5 30. Re6+ Kf7 31. Rxh6 cxd4 32. h3 Bf3 33. Nxf5 d3 34. cxd3 Rc8+ 35. Kd2 Rc5 36. Nd6+ Kg7 37. Re6 Rd5 38. Nc4 Kf7 39. Re3 Bh5 40. Ne5+ Kf6 41. a4 Bg6 42. Nxg6 Kxg6 43. Re5 Rd6 44. Rxa5 Rf6 45. Ke3 Rb6 46. Rb5 Rc6 47. a5 Re6+ 48. Kf3 Re1 49. a6 Rf1+ 50. Ke4 Re1+ 51. Kd4 Re6 52. f5+ Kf6 53. fxe6 Kxe6 {Black resigns} 1-0

[Event "FICS rated blitz game"]
[Site "FICS freechess.org"]
[FICSGamesDBGameNo "20001909"]
[White "Benkku"]
[Black "Coquelicot"]
[WhiteElo "1841"]
[BlackElo "1785"]
[WhiteRD "na"]
[BlackRD "na"]
[TimeControl "180+0"]
[Date "1999.09.19"]
[Time "09:28:00"]
[WhiteClock "0:03:00.000"]
[BlackClock "0:03:00.000"]
[ECO "A52"]
[PlyCount "118"]
[Result "0-1"]

1. d4 Nf6 2. c4 e5 3. dxe5 Ng4 4. Nf3 Bc5 5. e3 Nc6 6. Be2 Ngxe5 7. O-O O-O 8. Nc3 Re8 9. b3 Nxf3+ 10. Bxf3 Ne5 11. Be2 a5 12. Bb2 Ra6 13. Ne4 Ba7 14. Bd4 Qh4 15. Bxa7 Qxe4 16. Bd4 Qh4 17. g3 Qh3 18. Bxe5 Rxe5 19. Bg4 Qh6 20. Kg2 f5 21. Bf3 d6 22. h4 g5 23. hxg5 Qxg5 24. Qd4 c5 25. Bd5+ Be6 26. Bxe6+ Rxe6 27. Qf4 Qxf4 28. gxf4 Rg6+ 29. Kf3 a4 30. Rab1 axb3 31. Rxb3 Rxa2 32. Rxb7 Rh6 33. Rg1+ Rg6 34. Rxg6+ hxg6 35. Rb6 Rd2 36. Rc6 Kf7 37. Kg3 Ke7 38. Rc7+ Ke6 39. Rg7 Kf6 40. Rg8 Rc2 41. Rd8 Ke6 42. Rg8 Kf7 43. Rd8 Ke7 44. Rg8 Kf7 45. Rh8 Rxc4 46. Rh7+ Kf6 47. Rd7 Ke6 48. Rg7 Re4 49. Rxg6+ Kd5 50. Rg8 c4 51. Rc8 c3 52. Rxc3 Ke6 53. Rd3 Rxe3+ 54. Rxe3+ Kd5 55. Kf3 Kc6 56. Ke2 Kc7 57. Kd3 Kd7 58. Kd4 Kc7 59. Re6 Kd8 {White forfeits on time} 0-1

[Event "FICS rated blitz game"]
[Site "FICS freechess.org"]
[FICSGamesDBGameNo "20001907"]
[White "Itai"]
[Black "alms"]
[WhiteElo "1063"]
[BlackElo "1884"]
[WhiteRD "na"]
[BlackRD "na"]
[TimeControl "180+12"]
[Date "1999.09.19"]
[Time "08:13:00"]
[WhiteClock "0:03:00.000"]
[BlackClock "0:03:00.000"]
[ECO "C40"]
[PlyCount "48"]
[Result "0-1"]

1. e4 e5 2. Nf3 f5 3. exf5 e4 4. Nd4 Nf6 5. Bc4 d5 6. Bb3 c5 7. Nb5 a6 8. N5c3 c4 9. Ba4+ b5 10. Nxb5 axb5 11. Bxb5+ Bd7 12. Bxd7+ Qxd7 13. O-O Qxf5 14. c3 Bc5 15. b4 Bb6 16. a4 O-O 17. a5 Ba7 18. Kh1 Ng4 19. f3 Nf2+ 20. Rxf2 Bxf2 21. fxe4 Qxe4 22. d3 Qxd3 23. Nd2 Be3 24. Qf3 Rxf3 {White resigns} 0-1

[Event "FICS rated blitz game"]
[Site "FICS freechess.org"]
[FICSGamesDBGameNo "20001906"]
[White "MasterofPuppets"]
[Black "clinares"]
[WhiteElo "1243"]
[BlackElo "1233"]
[WhiteRD "na"]
[BlackRD "na"]
[TimeControl "300+0"]
[Date "1999.09.19"]
[Time "07:29:00"]
[WhiteClock "0:05:00.000"]
[BlackClock "0:05:00.000"]
[ECO "A00"]
[PlyCount "56"]
[Result "0-1"]

1. d3 g6 2. e3 Bg7 3. f3 Nf6 4. Qe2 O-O 5. Bd2 d6 6. Nc3 Nc6 7. O-O-O a6 8. g4 e5 9. e4 Be6 10. b3 b5 11. Bg5 Nd4 12. Qd2 c5 13. Bxf6 Bxf6 14. Nd5 Bg5 15. Ne3 b4 16. Ne2 Bxe3 17. Qxe3 d5 18. exd5 Bxd5 19. Bg2 Qa5 20. Nxd4 cxd4 21. Qd2 Qxa2 22. Qe2 Qa1+ 23. Kd2 Qc3+ 24. Kc1 a5 25. f4 Bxg2 26. Qxg2 a4 27. bxa4 Rxa4 28. Qd2 Ra1# {White checkmated} 0-1

[Event "FICS rated blitz game"]
[Site "FICS freechess.org"]
[FICSGamesDBGameNo "20001905"]
[White "boyne"]
[Black "venu"]
[WhiteElo "1452"]
[BlackElo "1402"]
[WhiteRD "na"]
[BlackRD "na"]
[TimeControl "180+2"]
[Date "1999.09.19"]
[Time "07:26:00"]
[WhiteClock "0:03:00.000"]
[BlackClock "0:03:00.000"]
[ECO "B01"]
[PlyCount "67"]
[Result "1-0"]

1. e4 d5 2. exd5 Qxd5 3. Nc3 Qd8 4. d4 Nf6 5. Bg5 h6 6. Bh4 g5 7. Bg3 Bg7 8. Bb5+ c6 9. Bc4 e6 10. Qf3 Nd5 11. Nge2 a6 12. Be5 f6 13. Bxb8 Rxb8 14. Nxd5 cxd5 15. Bb3 f5 16. Qg3 Bd7 17. O-O Bb5 18. Rfe1 Kf7 19. Nc3 Bxd4 20. Nxb5 axb5 21. c3 Ba7 22. Qe5 Qb6 23. Re2 Rbd8 24. Rae1 Rhe8 25. Bc2 Bb8 26. Qe3 Qc7 27. Qh3 Qf4 28. Qxh6 Rh8 29. Qxe6+ Kg7 30. Qe7+ Kg6 31. Re6+ Kh5 32. Bd1+ g4 33. g3 Qc7 34. Qh4# {Black checkmated} 1-0